 Dungeon Crawl Stone Soup version 0.23.2-1-ga50397a (webtiles) character file.

Game seed: 12029264807658135525

31421 wyrdjoy the Executioner (level 13, 0/107 HPs)
             Began as a Minotaur Berserker on Apr 15, 2019.
             Was a High Priest of Trog.
             Slain by a blink frog (7 damage)
             ... on level 6 of the Lair of Beasts on Apr 19, 2019.
             The game lasted 01:17:14 (15375 turns).

wyrdjoy the Executioner (Minotaur Berserker)       Turns: 15375, Time: 01:17:14

Health: 0/107      AC: 16    Str: 32      XL:     13   Next: 25%
Magic:  12/12      EV:  8    Int:  4      God:    Trog [*****.]
Gold:   930        SH:  0    Dex:  7 (9)  Spells: 12/12 levels left

rFire    . . .     SeeInvis .   S - +1 battleaxe (flame)
rCold    . . .     Gourm    +   (shield currently unavailable)
rNeg     + . .     Faith    .   j - +1 plate armour {rN+}
rPois    .         Spirit   .   (helmet restricted)
rElec    .         Reflect  .   f - +0 cloak
rCorr    .         Harm     .   e - +0 pair of gloves
MR       .....                  R - +1 pair of boots
Stlth    ..........             N - amulet of the gourmand
HPRegen  0.27/turn              D - +4 ring of strength
MPRegen  0.13/turn              W - +3 ring of slaying

@: berserk cooldown, slowed, very slow
A: retaliatory headbutt, horns 2
a: Berserk, Trog's Hand, Brothers in Arms, Renounce Religion


You were on level 6 of the Lair of Beasts.
You worshipped Trog.
Trog was extremely pleased with you.
You were very full.

You visited 2 branches of the dungeon, and saw 16 of its levels.

You collected 1020 gold pieces.
You spent 90 gold pieces at shops.

Inventory:

Hand Weapons
 s - a +5 hunting sling of flaming
 G - a +2 battleaxe of holy wrath
 S - a +1 battleaxe of flaming (weapon)
 X - a +7 antimagic battleaxe
Armour
 e - a +0 pair of gloves (worn)
 f - a +0 cloak (worn)
 j - a +1 plate armour of positive energy (worn)
 L - a +0 leather armour of poison resistance
 O - the +4 chain mail "Sodghomee" {rElec Int+3 Dex-4}
   (You found it on level 9 of the Dungeon)

   It affects your intelligence (+3).
   It affects your dexterity (-4).
   It insulates you from electricity.
 R - a +1 pair of boots (worn)
Jewellery
 o - an uncursed ring of protection from fire
 D - a +4 ring of strength (left hand)
 M - an uncursed ring of protection from magic
 N - an amulet of the gourmand (around neck)
 W - a +3 ring of slaying (right hand)
Wands
 b - a wand of iceblast (24)
 x - a wand of enslavement (8)
 A - a wand of acid (9)
 C - a wand of polymorph (16)
 J - a wand of digging (12)
 P - a wand of disintegration (13)
 U - a wand of flame (13)
Scrolls
 a - a scroll of magic mapping {unknown}
 g - 8 scrolls of teleportation
 h - a scroll of enchant armour {unknown}
 m - 2 scrolls of remove curse
 n - 11 scrolls of identify
 q - 3 scrolls of amnesia {unknown}
 r - 3 scrolls of blinking {unknown}
 v - 2 scrolls of immolation {unknown}
 w - 3 scrolls of enchant weapon {unknown}
 y - 2 scrolls of vulnerability {unknown}
 E - a scroll of acquirement {unknown}
 F - 2 scrolls of random uselessness {unknown}
 H - 2 scrolls of fear {unknown}
 I - 3 scrolls of fog {unknown}
 K - a scroll of noise {unknown}
 V - a scroll of brand weapon {unknown}
 Y - a scroll of holy word {unknown}
Potions
 d - 2 potions of flight
 i - 6 potions of curing
 k - a potion of invisibility {unknown}
 l - a potion of heal wounds
 p - a potion of magic {unknown}
 z - 2 potions of resistance {unknown}
 B - 4 potions of haste
 Q - a potion of agility
 Z - 2 potions of might
Comestibles
 c - 19 rations
 t - 8 chunks of flesh


   Skills:
 + Level 8.2 Fighting
 - Level 23.0 Axes
 - Level 2.4 Armour
 - Level 2.1 Dodging
 - Level 1.9 Stealth
 + Level 0.2 Evocations


You had 12 spell levels left.
You didn't know any spells.
Your spell library contained the following spells:

 Spells                   Type           Power        Failure   Level  Hunger
 Shock                    Conj/Air       #...         99%         1    ##.....
 Swiftness                Chrm/Air       #.......     100%        2    ###....
 Static Discharge         Conj/Air       #.......     100%        3    ####...
 Airstrike                Air            #.........   100%        4    #####..
 Lightning Bolt           Conj/Air       #.........   100%        5    ######.


Dungeon Overview and Level Annotations

Branches:
Dungeon (11/15)              Lair (4/6) D:11          Swamp (0/4) Lair:2
 Spider (0/4) Lair:4          Orc (0/2) D:9
 Temple: D:4-7

Altars:
Cheibriados
Elyvilon
Gozag
Hepliaklqana
Makhleb
Nemelex Xobeh
Qazlal
Ru
Vehumet
Wu Jian
Zin

Annotations:
D:11 3 runed translucent doors, exclusion: obsidian statue, xzight's ghost, journeyman MiBe
Lair:6 moonlapse's ghost, journeyman DrHu


Innate Abilities, Weirdness & Mutations

You reflexively headbutt those who attack you in melee.
You have a pair of horns on your head.


Message History

Moonlapse's ghost is moderately damaged.
You hit moonlapse's ghost but do no damage.
Moonlapse's ghost is moderately damaged.
You chop moonlapse's ghost into pieces!!!
You burn moonlapse's ghost.
Moonlapse's ghost is severely damaged.
Moonlapse's ghost hits you!
* * * LOW HITPOINT WARNING * * *
Moonlapse's ghost burns you.
* * * LOW HITPOINT WARNING * * *
A basilisk comes into view.
Okay, then.
You feel a strong urge to attack something.
Found a stone staircase leading up.
You are no longer berserk.
You are exhausted.
You feel yourself slow down.
Your ogre goes berserk!
You feel quite a bit less full. The blink frog hits you!
You die...

#P....!♣#......#...
#...)...#..........
#≈..../♣#.......... P
##.....##..........
#..###'†'##.#./..##...
..........†##....# #.P
#...###W....#.....# ..
#...###.............
#.....@F..#..........
#...#.#PO.#.P......#.
## ..###..##......##
.... ##...#♣.... .....
....#


lF.. ..... ....♣ .... <..≈≈ .... .≈≈ You could see a blink frog, moonlapse's
ghost and a friendly ogre (berserk).

Vanquished Creatures
  Snorg (D:11)
  Harold (D:10)
  4 hydras
  The ghost of Malificent the Martial Artist, a journeyman OpTm of Makhleb (Lair:1)
  Nergalle (D:11)
  An unseen horror (D:10)
  An ugly thing (D:11)
  A black mamba (Lair:2)
  Maurice (D:10)
  A torpor snail (Lair:3)
  A gargoyle (D:11)
  8 spiny frogs
  2 rime drakes
  6 komodo dragons
  A troll (D:11)
  3 jumping spiders (Lair:4)
  A merfolk (D:11)
  A bog body (Lair:2)
  A polar bear (D:8)
  3 blink frogs (Lair:6)
  3 hippogriffs
  2 redbacks (Lair:4)
  A human (D:9)
  31 yaks
  4 hungry ghosts
  Grum (Lair:1)
  2 wargs (D:9)
  20 water moccasins
  9 porcupines
  3 orc warriors
  2 ice beasts
  2 sky beasts
  2 black bears
  2 eyes of draining (D:11)
  4 phantoms
  A necrophage (D:11)
  9 wolves
  10 ogres
  3 centaurs
  11 crocodiles
  8 bullfrogs
  A gnoll sergeant (D:10)
  5 scorpions
  A hornet simulacrum (D:8)
  9 killer bees
  11 wights
  3 electric eels
  3 crimson imps
  3 howler monkeys
  A bullfrog skeleton (D:4)
  4 hounds
  A centaur skeleton (D:11)
  9 orc priests
  2 jellies (D:9)
  Crazy Yiuf (D:2)
  3 iron imps (D:3)
  Jessica (D:2)
  A worker ant (D:9)
  3 iguanas
  16 orc wizards
  A killer bee zombie (D:9)
  2 howler monkey zombies (D:7)
  Robin (D:2)
  10 gnolls
  27 adders
  A shadow imp (D:6)
  A white imp (D:8)
  5 oozes
  An adder skeleton (D:4)
  3 worms
  3 dart slugs
  6 leopard geckos
  46 orcs
  7 giant cockroaches
  16 goblins
  11 hobgoblins
  7 jackals
  16 kobolds
  7 quokkas
  7 bats
  11 frilled lizards
  A jackal skeleton (D:4)
  2 jackal zombies
  A quokka skeleton (D:7)
  8 rats
  A fungus (Lair:1)
450 creatures vanquished.

Vanquished Creatures (others)
  An unseen horror (D:10)
  A fungus (D:11)
  3 plants
5 creatures vanquished.

Grand Total: 455 creatures vanquished

Notes
Turn   | Place    | Note
-------+----------+-------------------------------------------
     0 | D:1      | wyrdjoy the Minotaur Berserker began the quest for the Orb.
     0 | D:1      | Reached XP level 1. HP: 19/19 MP: 0/0
    94 | D:1      | Reached skill level 4 in Axes
   156 | D:1      | Reached XP level 2. HP: 25/26 MP: 1/1
   346 | D:1      | Reached ** piety under Trog
   346 | D:1      | Reached skill level 5 in Axes
   367 | D:1      | Reached XP level 3. HP: 31/31 MP: 2/2
   917 | D:2      | Reached XP level 4. HP: 39/39 MP: 3/3
   959 | D:2      | Noticed Robin
   963 | D:2      | Reached skill level 6 in Axes
   963 | D:2      | Reached *** piety under Trog
   968 | D:2      | Killed Robin
  1072 | D:2      | Noticed Jessica
  1093 | D:2      | Killed Jessica
  1159 | D:2      | Reached XP level 5. HP: 45/45 MP: 4/4
  1175 | D:2      | Found a runed translucent door.
  1176 | D:2      | Noticed Crazy Yiuf
  1455 | D:2      | Killed Crazy Yiuf
  1455 | D:2      | Reached skill level 7 in Axes
  1859 | D:3      | Found a burning altar of Makhleb.
  1880 | D:3      | Reached skill level 8 in Axes
  1880 | D:3      | Reached XP level 6. HP: 40/51 MP: 5/5
  1884 | D:3      | Reached **** piety under Trog
  1930 | D:3      | Found a stormy altar of Qazlal.
  2163 | D:3      | Found a sparkling altar of Nemelex Xobeh.
  2448 | D:5      | Entered Level 5 of the Dungeon
  2544 | D:5      | Reached skill level 9 in Axes
  2708 | D:5      | Reached XP level 7. HP: 43/57 MP: 6/6
  2754 | D:4      | Reached skill level 10 in Axes
  2779 | D:4      | Found a white marble altar of Elyvilon.
  2793 | D:4      | Reached skill level 1 in Stealth
  3021 | D:4      | Found an ornate altar of the Wu Jian Council.
  3243 | D:5      | Reached skill level 11 in Axes
  3518 | D:6      | Reached XP level 8. HP: 63/64 MP: 7/7
  3521 | D:6      | Reached ***** piety under Trog
  3528 | D:6      | Reached skill level 12 in Axes
  3775 | D:6      | Noticed a hippogriff
  3788 | D:6      | Killed a hippogriff
  3956 | D:6      | Reached skill level 13 in Axes
  4487 | D:7      | Reached XP level 9. HP: 70/70 MP: 8/8
  4549 | D:7      | Received a gift from Trog
  4595 | D:7      | Reached skill level 14 in Axes
  4759 | D:7      | Found Zin's Purification Station.
  4762 | D:7      | Found a glowing silver altar of Zin.
  4765 | D:7      | Bought a potion of curing for 90 gold pieces
  4912 | D:7      | Reached skill level 15 in Axes
  5444 | D:8      | Found a radiant altar of Vehumet.
  5456 | D:8      | Noticed a polar bear
  5464 | D:8      | Killed a polar bear
  5849 | D:8      | Reached skill level 16 in Axes
  5857 | D:8      | Found a hazy altar of Hepliaklqana.
  5945 | D:8      | Found a sacrificial altar of Ru.
  6017 | D:9      | Got a heavily runed chain mail
  6028 | D:9      | Identified the +4 chain mail "Sodghomee" {rElec Int+3
                  | Dex-4} (You found it on level 9 of the Dungeon)
  6058 | D:9      | Reached XP level 10. HP: 72/77 MP: 9/9
  6488 | D:9      | Found a staircase to the Orcish Mines.
  6627 | D:9      | Reached skill level 17 in Axes
  6775 | D:9      | Received a gift from Trog
  6863 | D:10     | Entered Level 10 of the Dungeon
  6941 | D:10     | Killed an unseen horror
  7466 | D:10     | Reached skill level 18 in Axes
  7843 | D:10     | Killed an unseen horror
  7849 | D:10     | Reached XP level 11. HP: 74/82 MP: 10/10
  7871 | D:10     | Noticed Maurice
  8310 | D:10     | Killed Maurice
  8358 | D:10     | Noticed Harold
  8371 | D:10     | Killed Harold
  8650 | D:11     | Noticed Nergalle
  8658 | D:11     | Reached skill level 19 in Axes
  8664 | D:11     | Killed Nergalle
  8780 | D:11     | Found a snail-covered altar of Cheibriados.
  8835 | D:11     | Noticed a white ugly thing
  8860 | D:11     | Killed a white ugly thing
  8894 | D:11     | Reached skill level 20 in Axes
  9183 | D:11     | Reached ****** piety under Trog
  9192 | D:11     | Found a staircase to the Lair.
  9202 | D:11     | Found a runed translucent gate.
  9204 | D:11     | Found a runed translucent gate.
  9205 | D:11     | Found a runed translucent gate.
  9206 | D:11     | Found an opulent altar of Gozag.
  9207 | D:11     | Noticed an obsidian statue
  9207 | D:11     | Noticed a yaktaur captain
  9207 | D:11     | Noticed a deep troll
  9208 | D:11     | Noticed xzight's ghost (journeyman MiBe)
  9238 | D:11     | Noticed an eight-headed hydra
  9245 | D:11     | Killed a five-headed hydra
  9623 | D:11     | Noticed Snorg
  9629 | D:11     | Killed Snorg
  9768 | Lair:1   | Entered Level 1 of the Lair of Beasts
  9882 | Lair:1   | Reached XP level 12. HP: 74/90 MP: 11/11
  9910 | Lair:1   | Reached skill level 21 in Axes
 10137 | Lair:1   | Noticed Grum
 10143 | Lair:1   | Killed Grum
 10277 | Lair:1   | Found a large runed translucent door.
 10277 | Lair:1   | Found a large runed translucent door.
 10278 | Lair:1   | Noticed Malificent's ghost (journeyman OpTm)
 10288 | Lair:1   | Killed Malificent's ghost
 10669 | Lair:2   | Received a gift from Trog
 11471 | Lair:2   | Reached skill level 22 in Axes
 11615 | Lair:2   | Found a staircase to the Swamp.
 13572 | Lair:3   | Noticed a six-headed hydra
 13578 | Lair:3   | Killed a nine-headed hydra
 13578 | Lair:3   | Reached skill level 23 in Axes
 14124 | Lair:4   | Found a hole to the Spider Nest.
 14130 | Lair:4   | Reached XP level 13. HP: 89/99 MP: 12/12
 14136 | Lair:4   | Reached skill level 5 in Fighting
 15199 | Lair:4   | You fall through a shaft for 2 floors!
 15199 | Lair:6   | Entered Level 6 of the Lair of Beasts
 15277 | Lair:6   | Received a gift from Trog
 15346 | Lair:6   | Found a runed translucent gate.
 15346 | Lair:6   | Found a runed translucent gate.
 15346 | Lair:6   | Found a runed translucent gate.
 15347 | Lair:6   | Noticed moonlapse's ghost (journeyman DrHu)
 15375 | Lair:6   | Slain by a blink frog

Skill      XL: |  1  2  3  4  5  6  7  8  9 10 11 12 13 |
---------------+----------------------------------------+-----
Axes           | 4 5 6 8 9 11 13 16 18 20 23 | 23.0
Stealth        | 1 |  1.9
Fighting       | 4 8 |  8.2
Armour         | |  2.4
Dodging        | |  2.1
Evocations     | |  0.2

Action                   |  1- 3 |  4- 6 |  7- 9 | 10-12 | 13-15 || total
-------------------------+-------+-------+-------+-------+-------++-------
Melee: Hand axe          |    73 |   143 |   247 |       |       ||   463
       Headbutt          |    11 |    25 |    48 |   109 |    13 ||   206
       Battleaxe         |       |       |    57 |   631 |    73 ||   761
Invok: Berserk           |     1 |     4 |     6 |     9 |     1 ||    21
       Brothers in Arms  |       |       |       |       |     1 ||     1
Evoke: Wand              |       |       |     1 |       |       ||     1
  Use: Scroll            |       |       |     2 |     2 |     1 ||     5
       Potion            |       |       |       |     7 |       ||     7
  Eat: Chunk             |     1 |     6 |    15 |    40 |     4 ||    66
       Ration            |       |     1 |     2 |     2 |       ||     5
Armor: Animal skin       |     7 |       |       |       |       ||     7
       Plate armour      |     9 |    68 |   141 |   336 |    57 ||   611
Dodge: Dodged            |    38 |    37 |    79 |   171 |    32 ||   357
